 Dungeon Crawl Stone Soup version 0.18-a0-119-g02a7081 (webtiles) character file.

20 Duffy the Sneak (level 2, 13/13 HPs)
             Began as a Spriggan Enchanter on Nov 19, 2015.
             Quit the game on level 2 of the Dungeon.
             The game lasted 00:01:35 (1064 turns).

Duffy the Sneak (Spriggan Enchanter)                Turns: 1064, Time: 00:01:36

Health: 13/13      AC:  3    Str:  4    XL:     2   Next: 58%
Magic:  7/7        EV: 18    Int: 16    God:
Gold:   31         SH:  0    Dex: 16    Spells: 2 memorised, 5 levels left

rFire  . . .     SeeInvis +     a - +1 dagger
rCold  . . .     Clarity  .     b - +1 robe
rNeg   . . .     SustAt   .     (shield restricted)
rPois  .         Gourm    .     (helmet restricted)
rElec  .         Spirit   .     (no cloak)
rCorr  .         Warding  .     (gloves unavailable)
rMut   .         Stasis   .     (boots unavailable)
MR     .....                    (no amulet)
Stlth  +++.......               (no ring)
                                (no ring)

@: very slightly contaminated, hasted, very quick, not resistant to hostile
enchantments, fairly stealthy
A: unfitting armour, see invisible, herbivore 3, speed 3, slow metabolism 2
a: no special abilities


You were on level 2 of the Dungeon.
You were not hungry.

You visited 1 branch of the dungeon, and saw 2 of its levels.

You collected 31 gold pieces.


Innate Abilities, Weirdness & Mutations

You are tiny and cannot use many weapons and most armour.
You have supernaturally acute eyesight.
You are a herbivore.
You cover ground extremely quickly.
You need consume almost no food.


   Skills:
 + Level 1.7 Short Blades
 - Level 3.0 Dodging
 - Level 4.4 Stealth
 * Level 3.6 Spellcasting
 + Level 3.7 Hexes


You had 5 spell levels left.
You knew the following spells:

 Your Spells              Type           Power        Failure   Level  Hunger
a - Ensorcelled Hibernat  Hex/Ice        #.....       14%         2    ##.....
r - Corona                Hex            ###....      4%          1    None

Inventory:

Hand Weapons
 a - a +1 dagger (weapon)
Armour
 b - a +1 robe (worn)
Scrolls
 e - 3 scrolls of remove curse {unknown}
 f - a scroll of identify {unknown}
 j - a scroll of blinking {unknown}
Books
 c - a book of Maledictions
Comestibles
 d - a bread ration

Dungeon Overview and Level Annotations

Branches:
Dungeon (2/15)

Altars:


Message History

You are too injured to fight recklessly!
You are too injured to fight recklessly!
You are too injured to fight recklessly!
You are too injured to fight recklessly!
You are too injured to fight recklessly!
You are too injured to fight recklessly!
You are too injured to fight recklessly!
You are too injured to fight recklessly!
You are too injured to fight recklessly!
You are too injured to fight recklessly!
You are too injured to fight recklessly!
You are too injured to fight recklessly!
You are too injured to fight recklessly!
You are too injured to fight recklessly!
You are too injured to fight recklessly!
You are too injured to fight recklessly!
You are too injured to fight recklessly!
The adder closely misses you.
You climb upwards.
You feel sick.
There is a stone staircase leading down here.
You feel sick.
You feel sick.
You feel sick.
There is a stone staircase leading down here.
You climb downwards.
There is a stone staircase leading up, spattered with blood here.
There is a lethal amount of poison in your body!
Drink which item? (? for menu, Esc to quit)
It was a potion of cancellation.
You feel magically purged.
Drink which item? (? for menu, Esc to quit)
It was a potion of haste.
You feel yourself speed up.
You feel sick.
You are very lightly contaminated with residual magic.
Drink which item? (? for menu, Esc to quit)
It was a potion of curing.
You feel better.
Are you sure you want to abandon this character and quit the game? (Confirm with "yes".)

##.## #...# .
#...# .#
####...###.#
#..........#.
#............
#..........#
####...###..
#.@.# #...#
#####


There were no monsters in sight!

Action                   || total
-------------------------++-------
Melee: Dagger            ||    86
  Use: Potion            ||     3
 Stab: Sleeping          ||     4

Notes
Turn   | Place    | Note
--------------------------------------------------------------
     0 | D:1      | Duffy the Spriggan Enchanter began the quest for the Orb.
     0 | D:1      | Reached XP level 1. HP: 9/9 MP: 5/5
   179 | D:1      | Reached skill level 3 in Spellcasting
   345 | D:1      | Reached XP level 2. HP: 13/13 MP: 7/7
   354 | D:1      | Learned a level 2 spell: Ensorcelled Hibernation
  1064 | D:2      | Quit the game

Vault maps used:
D:1:      arrival_zaba_pyramid
D:2:      uniq_crazy_yiuf_cottage

Vanquished Creatures
  3 giant cockroaches
  3 hobgoblins
  3 kobolds
  A bat
  2 giant newts
  4 goblins
  A rat
17 creatures vanquished.
